 Dungeon Crawl Stone Soup version 0.30-a0-125-g51eefa89be (webtiles) character file.

Game seed: 13634887989919717325

2970 chimba the Fighter (level 9, -6/85 HPs)
             Began as a Minotaur Berserker on Sept 19, 2022.
             Was a Priest of Trog.
             Mangled by a two-headed ogre
             ... wielding a +0 giant club
              (21 damage)
             ... on level 7 of the Dungeon.
             The game lasted 00:34:13 (6086 turns).

chimba the Fighter (Minotaur Berserker)             Turns: 6086, Time: 00:34:14

Health: -6/85      AC: 15    Str: 27    XL:     9   Next: 52%
Magic:  8/8        EV: 10    Int:  4    God:    Trog [***...]
Gold:   501        SH:  0    Dex: 15    Spells: 8/8 levels left

rFire   . . .      SeeInvis .    G - +4 morningstar
rCold   . . .      Faith    .    (no shield)
rNeg    . . .      Spirit   .    C - +2 plate armour {rPois}
rPois   +          Reflect  .    (helmet restricted)
rElec   .          Harm     .    (no cloak)
rCorr   .          Rampage  .    (no gloves)
Will    ++...                    (no boots)
Stlth   ..........               (no amulet)
HPRegen 1.24/turn                I - +6 ring of dexterity
MPRegen 0.11/turn                (no ring)

@: strong-willed, on berserk cooldown, regenerating, slowed, very slow
A: horns 2, retaliatory headbutt
a: Renounce Religion, Berserk, Trog's Hand


You were on level 7 of the Dungeon.
You worshipped Trog.
Trog was most pleased with you.
You visited 1 branch of the dungeon, and saw 7 of its levels.

You collected 501 gold pieces.

Inventory:

Hand Weapons
 a - a +0 mace
 e - a +0 club
 j - a +3 hand axe of electrocution
 m - a +2 flail of distortion
 p - a +0 glaive
 u - a +0 mace
 G - a +4 morningstar (weapon)
Armour
 b - a +0 animal skin
 f - a +0 ring mail
 k - a +0 leather armour
 l - a +0 helmet
 o - a +0 plate armour
 x - a +1 helmet
 C - a +2 plate armour of poison resistance (worn)
Jewellery
 I - a +6 ring of dexterity (left hand)
Wands
 q - a wand of roots (22)
 A - a wand of digging (4)
 D - a wand of polymorph (15)
Scrolls
 c - 5 scrolls of teleportation
 d - 4 scrolls of identify
 w - 3 scrolls of poison
 y - a scroll of blinking {unknown}
 z - a scroll of summoning
 B - a scroll of enchant weapon {unknown}
 E - 2 scrolls of silence {unknown}
Potions
 g - a potion of invisibility {unknown}
 h - 4 potions of curing
 i - a potion of cancellation {unknown}
 n - a potion of magic {unknown}
 r - 2 potions of might
 s - 2 potions of heal wounds
 t - 4 potions of mutation {unknown}
 v - a potion of attraction {unknown}
 F - a potion of haste {unknown}
 H - 2 potions of lignification {unknown}


   Skills:
 * Level 9.6 Fighting
 * Level 5.7(7.9) Axes
 + Level 8.5(9.3) Maces & Flails
 + Level 6.8 Armour
 + Level 6.1 Dodging


You had 8 spell levels left.
You didn't know any spells.
Your spell library was empty.

Dungeon Overview and Level Annotations

Branches:
Dungeon (7/15)             Temple (0/1) D:4

Altars:
Elyvilon
Fedhas
Kikubaaqudgha
Nemelex Xobeh
Wu Jian

Shops:
D:4 (


Innate Abilities, Weirdness & Mutations

You have a pair of horns on your head.
You reflexively headbutt those who attack you in melee.


Message History

You puncture the orc priest!
You kill the orc priest!
Trog accepts your kill.
A two-headed ogre comes into view. It is wielding two +0 giant clubs.
You closely miss the orc. The orc hits you but does no damage.
You sock the orc!
You kill the orc!
Trog accepts your kill.
You puncture the two-headed ogre!
The two-headed ogre is moderately wounded.
The two-headed ogre hits you with a +0 giant club! x2
You closely miss the two-headed ogre. You headbutt the two-headed ogre.
The two-headed ogre is moderately wounded.
You puncture the two-headed ogre!
Your headbutt misses the two-headed ogre.
The two-headed ogre is heavily wounded.
The two-headed ogre hits you with a +0 giant club!
The two-headed ogre closely misses you.
You are too injured to fight recklessly!
A red film seems to cover your vision as you go berserk!
You feel yourself moving faster!
You feel mighty!
The two-headed ogre hits you with a +0 giant club!!
* * * LOW HITPOINT WARNING * * *
The two-headed ogre hits you with a +0 giant club!
* * * LOW HITPOINT WARNING * * *
You feel a strong urge to attack something.
You feel your anger nearly subside.
You are no longer berserk.
You are exhausted.
You feel yourself slow down.
An ufetubus comes into view.
The ufetubus shouts!
The teleport trap disappears.
The ufetubus disappears!
The ufetubus moves out of view.
Your skin crawls.
You feel strong-willed.
The two-headed ogre hits you with a +0 giant club.
* * * LOW HITPOINT WARNING * * *
The two-headed ogre hits you with a +0 giant club!!
You die...

##.# #..# #..# #.## ##
#.# .### O ##.# #...#
... ####..##....##
....# ####......#.....#
......#).......O@.....#
#..).####..........#
.......## #.........##
....... #.......###
......# #.......#
.....# #.......# .....
........# .##.#
.........# #.


You could see a two-headed ogre.

Vanquished Creatures
  Pikel (D:5)
  A troll (D:6)
  Menkaure (D:5)
  Edmund (D:5)
  2 water moccasins
  An ice beast (D:6)
  2 black bears (D:6)
  An ogre (D:5)
  A lemure (D:5)
  A phantom (D:4)
  2 kobold brigands
  A bullfrog (D:7)
  A necrophage (D:7)
  A gnoll sergeant (D:6)
  5 wights (D:6)
  2 howler monkeys (D:6)
  A vampire bat (D:5)
  3 hounds
  A gnoll bouda (D:6)
  2 jellies
  2 orc priests
  6 iguanas
  An orc wizard (D:7)
  Robin (D:4)
  6 adders
  12 gnolls
  2 worms
  A dart slug (D:1)
  12 orcs
  4 ball pythons
  3 bat skeletons (D:5)
  A bat zombie (D:5)
  7 endoplasms
  2 giant cockroaches
  13 goblins
  8 hobgoblins
  5 quokkas
  2 bats (D:1)
  2 frilled lizards (D:2)
  17 kobolds
  9 rats
147 creatures vanquished.

Vanquished Creatures (others)
  A fungus (D:3)
1 creature vanquished.

Grand Total: 148 creatures vanquished

Notes
Turn   | Place    | Note
-------+----------+-------------------------------------------
     0 | D:1      | chimba the Minotaur Berserker began the quest for the Orb.
     0 | D:1      | Reached XP level 1. HP: 19/19 MP: 0/0
   274 | D:1      | Reached XP level 2. HP: 27/27 MP: 1/1
   459 | D:1      | Reached skill level 4 in Fighting
   757 | D:2      | Reached ** piety under Trog
   873 | D:2      | Reached XP level 3. HP: 33/33 MP: 2/2
  1465 | D:3      | Reached XP level 4. HP: 31/41 MP: 3/3
  1992 | D:3      | Found a white marble altar of Elyvilon.
  2143 | D:3      | Found a faded altar of an unknown god.
  2423 | D:4      | Noticed Robin
  2449 | D:4      | Killed Robin
  2450 | D:4      | Reached skill level 5 in Fighting
  2450 | D:4      | Reached XP level 5. HP: 46/48 MP: 4/4
  2484 | D:4      | Noticed a phantom
  2498 | D:4      | Killed a phantom
  2499 | D:4      | Reached skill level 5 in Maces & Flails
  2504 | D:4      | Found a sparkling altar of Nemelex Xobeh.
  2597 | D:4      | Found a staircase to the Ecumenical Temple.
  2770 | D:4      | Found Firiydiz's Antique Weapon Shoppe.
  3119 | D:5      | Entered Level 5 of the Dungeon
  3430 | D:5      | Noticed a lemure
  3430 | D:5      | Noticed a lemure
  3431 | D:5      | Noticed a lemure
  3433 | D:5      | Noticed Pikel
  3435 | D:5      | Killed a lemure
  3435 | D:5      | Noticed a lemure
  3439 | D:5      | Killed Pikel
  3440 | D:5      | Reached skill level 6 in Fighting
  3440 | D:5      | Reached XP level 6. HP: 53/58 MP: 5/5
  3440 | D:5      | Reached XP level 7. HP: 58/64 MP: 6/6
  3635 | D:5      | Reached skill level 7 in Fighting
  3641 | D:5      | Noticed Menkaure
  3648 | D:5      | Killed Menkaure
  3649 | D:5      | Reached skill level 5 in Armour
  3677 | D:5      | Reached XP level 8. HP: 30/73 MP: 7/7
  4124 | D:5      | Noticed Edmund
  4138 | D:5      | Killed Edmund
  4139 | D:5      | Reached skill level 1 in Axes
  4434 | D:5      | Reached skill level 5 in Dodging
  4510 | D:5      | Found a blossoming altar of Fedhas.
  4800 | D:5      | Found an ancient bone altar of Kikubaaqudgha.
  4802 | D:5      | Reached skill level 8 in Fighting
  5157 | D:6      | Reached *** piety under Trog
  5280 | D:6      | Noticed a troll
  5286 | D:6      | Killed a troll
  5287 | D:6      | Reached XP level 9. HP: 82/82 MP: 8/8
  5303 | D:6      | Reached skill level 9 in Fighting
  5441 | D:6      | Reached skill level 5 in Axes
  5908 | D:7      | Found an ornate altar of the Wu Jian Council.
  6059 | D:7      | Noticed a two-headed ogre
  6068 | D:7      | Noticed a two-headed ogre
  6086 | D:7      | Mangled by a two-headed ogre

Illustrated notes

Levels and vault maps discovered:
D:1:      lordsloth_arrival_two_stooges, layout_basic
D:2:      layout_loops_ring, st_stairs_3
D:3:      layout_loops_ring, mainiacjoe_overflow_boulevard,
          shapermc_ecumenical_altar_ellora
D:4:      layout_rooms, old_standard_altar, lemuel_temple_firewalk_b,
          serial_rivers, chequers_serial_rivers_large_a,
          chequers_serial_rivers_micro_d, chequers_serial_rivers_room_a,
          chequers_serial_rivers_micro_e, chequers_serial_rivers_room_b,
          serial_shops, nicolae_shop_competitors_out_of_business,
          glass_columns_b, minmay_misc_feat_plants, uniq_robin
D:5:      layout_gridville, kennysheep_vampire_church,
          mainiacjoe_overflow_paths, nicolae_hexahallways, uniq_menkaure,
          uniq_pikel, uniq_edmund
D:6:      layout_basic, kennysheep_minor_cross, kennysheep_flooded_box,
          feat_on_display
D:7:      layout_cave_pods, lemuel_coloured_pillars_altar,
          reono_crystal_passage, st_stairs_9, dilly_guarded_unrand_devastator

Skill      XL: |  1  2  3  4  5  6  7  8  9 |
---------------+----------------------------+-----
Fighting       | 4 5 6 7 8 9 |  9.6
Maces & Flails | 4 6 7 8 |  8.5
Armour         | 3 4 5 6 |  6.8
Dodging        | 3 4 5 6 |  6.1
Axes           | 4 5 |  5.7

Action                   |  1- 3 |  4- 6 |  7- 9 || total
-------------------------+-------+-------+-------++-------
Melee: Mace              |    89 |    82 |    34 ||   205
       Headbutt          |    11 |    18 |    25 ||    54
       Punch             |     1 |     1 |     2 ||     4
       Hand axe          |       |       |    12 ||    12
       Flail             |       |       |    83 ||    83
       Morningstar       |       |       |    26 ||    26
Invok: Berserk           |     1 |     1 |     6 ||     8
       Trog's Hand       |       |     2 |     3 ||     5
  Use: Scroll            |       |    10 |       ||    10
       Potion            |       |     1 |       ||     1
Armor: Animal skin       |     3 |       |       ||     3
       Ring mail         |    13 |       |       ||    13
       Plate armour      |    27 |    41 |   102 ||   170
Dodge: Dodged            |    35 |    31 |    67 ||   133

Table legend: (Time is in decaauts)
 A = Elapsed time spent in this place.
 B = Non-inter-level travel time spent in this place.
 C = Inter-level travel time spent in this place.
 D = Time resting spent in this place.
 E = Time spent auto-exploring this place.
 F = Levels seen in this place.
 G = Mean time per level.
                   A        B        C        D        E       F      G
               +--------+--------+--------+--------+--------+-----+--------+
         Total |   6197 |   6041 |    156 |   1128 |   3784 |   7 |  885.3 |
       Dungeon |   6197 |   6041 |    156 |   1128 |   3784 |   7 |  885.3 |
               +--------+--------+--------+--------+--------+-----+--------+

Top non-repeatable levels by time:
     D:5: 1793 daAuts
     D:6: 938 daAuts
     D:4: 916 daAuts
     D:3: 898 daAuts
     D:1: 744 daAuts
     D:2: 638 daAuts
     D:7: 266 daAuts
